 Dungeon Crawl Stone Soup version 0.27.0-1-g7a089689b8 (webtiles) character file.

Game seed: 1087391560722049430

3945 theswoord the Cruncher (level 10, -1/67 HPs)
             Began as a Demonspawn Gladiator on Aug 8, 2021.
             Was a Follower of Wu Jian.
             Slain by Harold (3 damage)
             ... on level 9 of the Dungeon.
             The game lasted 00:11:21 (9471 turns).

theswoord the Cruncher (Demonspawn Gladiator)       Turns: 9471, Time: 00:11:22

Health: -1/67      AC: 14    Str: 17    XL:     10   Next: 2%
Magic:  10/10      EV:  5    Int: 10    God:    Wu Jian [*.....]
Gold:   385        SH:  0    Dex: 15    Spells: 9/9 levels left

rFire    . . .     SeeInvis .   h - +4 quarterstaff (chaos)
rCold    . . .     Faith    .   (shield currently unavailable)
rNeg     . . .     Spirit   .   t - +1 plate armour
rPois    .         Reflect  .   (helmet restricted)
rElec    .         Harm     .   k - +0 cloak
rCorr    .         Rampage  .   (no gloves)
Will     .....                  v - +1 pair of boots
Stlth    ..........             (no amulet)
HPRegen  0.21/turn              (no ring)
MPRegen  0.12/turn              (no ring)

@: marked
A: antennae 2, claws 2, hooves 1, condensation shield
a: Renounce Religion


You were on level 9 of the Dungeon.
You worshipped Wu Jian.
Wu Jian was aware of your devotion.
You visited 2 branches of the dungeon, and saw 10 of its levels.

You collected 385 gold pieces.

Inventory:

Hand Weapons
 a - a +0 quarterstaff
 h - a +4 quarterstaff of chaos (weapon)
Missiles
 d - 3 throwing nets (quivered)
Armour
 b - a +0 leather armour
 c - a +0 helmet
 k - a +0 cloak (worn)
 o - a +0 pair of boots
 p - a +0 chain mail
 t - a +1 plate armour (worn)
 v - a +1 pair of boots (worn)
Jewellery
 e - an amulet of reflection
 s - an amulet of guardian spirit
 G - a ring of protection from cold
Wands
 m - a wand of iceblast (12)
 u - a wand of charming (6)
 x - a wand of digging (7)
 y - a wand of paralysis (12)
Scrolls
 f - a scroll of amnesia
 i - a scroll of enchant armour
 l - 3 scrolls of teleportation
 q - 3 scrolls of enchant weapon
 r - a scroll of fear {unknown}
 w - 3 scrolls of immolation
 D - a scroll of vulnerability {unknown}
Potions
 g - a potion of curing
 j - 2 potions of flight
 n - a potion of ambrosia
 z - 2 potions of heal wounds
 A - a potion of might
 B - a potion of lignification {unknown}
 C - a potion of cancellation {unknown}
 E - a potion of degeneration {unknown}
 F - a potion of mutation {unknown}


   Skills:
 - Level 2.0 Fighting
 + Level 13.1 Staves
 - Level 1.7 Throwing
 - Level 2.6 Dodging


You had 9 spell levels left.
You didn't know any spells.
Your spell library contained the following spells:

 Spells                   Type           Power      Damage    Failure   Level
 Frozen Ramparts          Ice            0%         1d2       100%        3
 Hailstorm                Conj/Ice       0%         3d3       100%        4
 Ice Form                 Ice/Tmut       0%         N/A       100%        4
 Polar Vortex             Ice            0%         N/A       100%        9


Dungeon Overview and Level Annotations

Branches:
Dungeon (9/15)             Temple (1/1) D:6            Lair (0/6) D:9
    Orc: D:9-12

Altars:
Ashenzari
Cheibriados
Dithmenos
Fedhas
Hepliaklqana
Nemelex Xobeh
Okawaru
Qazlal
Ru
Sif Muna
Trog
Vehumet
Wu Jian
Xom
Yredelemnul
Zin

Shops:
D:4 *

Annotations:
D:9 Harold


Innate Abilities, Weirdness & Mutations

You have a pair of antennae on your head.
You have very sharp fingernails.
You have large cloven feet.
A meltable shield of frost defends you. (SH +0)


Message History

You throw a throwing net. The throwing net hits Harold.
Harold is caught in the net!
Harold casts a spell at you. A sentinel's mark forms upon you.
Harold struggles against the net.
Harold struggles against the net.
Found a stone staircase leading up.
Harold struggles against the net. x2
Found a ring mail.
You lunge at Harold, in a flurry of attacks.
You hit Harold but do no damage.
You strike the helpless Harold from behind!
You hit Harold.
Harold is poisoned.
Harold is lightly wounded.
Found 3 scrolls labelled QIKIVO NACENOIKEOG.
You catch the helpless Harold completely off-guard!
You hit Harold.
Harold looks as sick as possible!
Harold is lightly wounded.
Harold struggles against the net.
You catch the helpless Harold completely off-guard!
You hit Harold.
Harold resists with almost no effort.
Harold is lightly wounded.
Harold considers, "I think I'll use your bounty to get a horse ranch..."
Harold struggles against the net.
The net rips apart, and Harold comes free!
You hit Harold.
Harold goes berserk!
Harold is moderately wounded.
You block Harold's attack.
You sock Harold! You freeze Harold.
Harold is moderately wounded.
Harold hits you with a +1 war axe of flaming!!
Your condensation shield dissipates!
Harold burns you!
* * * LOW HITPOINT WARNING * * *
You sock Harold! Lightning courses through Harold!
Harold is heavily wounded.
Harold hits you with a +1 war axe of flaming!!
* * * LOW HITPOINT WARNING * * *
Harold burns you.
You die...

##......#.^##.......###.........#
#.......####.....#..##...........
.#......# #.....#..##...........
........# ##....#...............
........## #........#............
.#.........#.......###...........
..................####...........
....................#............
#...#...###.....@.#....##.#......
#..##... #.....@.##.).####......
### .# #......####))####......
....(.... #)..##....... .........
##.####...... #.#.<.....
...####......
.......[.....##...†.....
...?...>........#......
...#......##.....


You could see Harold (berserk, extremely poisoned).

Vanquished Creatures
  Maurice (D:8)
  Sigmund (D:3)
  4 wyverns
  3 water moccasins (D:9)
  4 centaurs
  4 kobold brigands
  Blork the orc (D:5)
  4 bullfrogs (D:7)
  A gnoll sergeant (D:6)
  A water moccasin zombie (D:6)
  2 scorpions
  A water moccasin skeleton (D:7)
  6 killer bees (D:8)
  2 howler monkeys
  4 centaur zombies
  A hound (D:6)
  2 orc priests (D:7)
  A bullfrog skeleton (D:5)
  Crazy Yiuf (D:3)
  A gnoll shaman (D:8)
  Jessica (D:2)
  5 iguanas
  A scorpion zombie (D:5)
  Ijyb (D:5)
  3 orc wizards
  A killer bee zombie (D:7)
  Robin (D:2)
  A howler monkey zombie (D:6)
  A howler monkey skeleton (D:5)
  6 adders
  14 gnolls
  A shadow imp (D:5)
  2 white imps
  2 ufetubi
  3 adder skeletons
  2 worms
  2 dart slugs
  7 orcs
  5 ball pythons
  A bat (D:1)
  7 endoplasms
  6 giant cockroaches
  10 goblins
  10 hobgoblins
  6 jackals
  28 kobolds
  3 quokkas
  3 frilled lizards
  21 rats
199 creatures vanquished.

Vanquished Creatures (collateral kills)
  A rat (D:3)
1 creature vanquished.

Vanquished Creatures (others)
  A goblin (D:2)
1 creature vanquished.

Grand Total: 201 creatures vanquished

Notes
Turn   | Place    | Note
-------+----------+-------------------------------------------
     0 | D:1      | theswoord the Demonspawn Gladiator began the quest for the
                  | Orb.
     0 | D:1      | Reached XP level 1. HP: 16/16 MP: 1/1
   172 | D:1      | Reached skill level 3 in Staves
   438 | D:1      | Gained mutation: A meltable shield of frost defends you.
                  | (SH +0) [demonic ancestry]
   438 | D:1      | Reached XP level 2. HP: 22/22 MP: 2/2
   623 | D:1      | Found a faded altar of an unknown god.
  1167 | D:2      | Reached XP level 3. HP: 23/27 MP: 3/3
  1300 | D:2      | Reached skill level 4 in Staves
  1592 | D:2      | Noticed Robin
  1632 | D:2      | Killed Robin
  1633 | D:2      | Gained mutation: You have large cloven feet. [demonic
                  | ancestry]
  1633 | D:2      | Reached XP level 4. HP: 33/33 MP: 4/4
  1648 | D:2      | Noticed Jessica
  1658 | D:2      | Killed Jessica
  2083 | D:3      | Reached skill level 5 in Staves
  2268 | D:3      | Found a runed translucent door.
  2269 | D:3      | Noticed Crazy Yiuf
  2310 | D:3      | Killed Crazy Yiuf
  2311 | D:3      | Gained mutation: You have sharp fingernails. [demonic
                  | ancestry]
  2311 | D:3      | Reached XP level 5. HP: 38/38 MP: 5/5
  2937 | D:3      | Noticed Sigmund
  2947 | D:3      | Killed Sigmund
  2948 | D:3      | Reached skill level 6 in Staves
  2948 | D:3      | Gained mutation: You have very sharp fingernails. [demonic
                  | ancestry]
  2948 | D:3      | Reached XP level 6. HP: 38/44 MP: 6/6
  3563 | D:4      | You fall into a shaft and drop 3 floors!
  3569 | D:7      | Reached skill level 7 in Staves
  3658 | D:7      | Reached XP level 7. HP: 45/50 MP: 7/7
  3740 | D:7      | Noticed a wyvern
  3846 | D:6      | Reached skill level 8 in Staves
  4218 | D:5      | Entered Level 5 of the Dungeon
  4354 | D:5      | Noticed Ijyb
  4367 | D:5      | Killed Ijyb
  4368 | D:5      | Reached skill level 9 in Staves
  4368 | D:5      | Gained mutation: You have a pair of small antennae on your
                  | head. [demonic ancestry]
  4368 | D:5      | Reached XP level 8. HP: 24/56 MP: 8/8
  4728 | D:5      | Noticed Blork the orc
  4737 | D:5      | Killed Blork the orc
  5107 | D:4      | Found Gylubuej's Neck Hole.
  5845 | D:5      | Got the Guide on Ice
  6043 | D:6      | Found a staircase to the Ecumenical Temple.
  6070 | Temple   | Entered the Ecumenical Temple
  6426 | Temple   | Became a worshipper of the Wu Jian Council
  6579 | D:6      | Reached skill level 10 in Staves
  7228 | D:7      | Reached skill level 11 in Staves
  7233 | D:7      | Reached XP level 9. HP: 45/61 MP: 9/9
  8270 | D:8      | Reached * piety under Wu Jian
  8278 | D:8      | Reached skill level 12 in Staves
  8694 | D:8      | Noticed Maurice
  8716 | D:8      | Killed Maurice
  9241 | D:9      | Reached skill level 13 in Staves
  9272 | D:9      | Found a staircase to the Lair.
  9294 | D:9      | Gained mutation: You have a pair of antennae on your head.
                  | [demonic ancestry]
  9294 | D:9      | Reached XP level 10. HP: 39/67 MP: 10/10
  9460 | D:9      | Noticed Harold
  9471 | D:9      | HP: 2/67 [Harold (20)]
  9471 | D:9      | Slain by Harold

Skill      XL: |  1  2  3  4  5  6  7  8  9 |
---------------+----------------------------+-----
Staves         | 3 4 5 6 7 9 11 13 | 13.1
Fighting       | |  2.0
Throwing       | |  1.7
Dodging        | |  2.6

Action                   |  1- 3 |  4- 6 |  7- 9 | 10-12 || total
-------------------------+-------+-------+-------+-------++-------
Melee: Quarterstaff      |   106 |   105 |   358 |     7 ||   576
       Kick              |       |    20 |     9 |       ||    29
Throw: Throwing net      |       |       |     3 |     1 ||     4
Invok: Lunge             |       |       |    10 |     1 ||    11
       Whirlwind         |       |       |     3 |       ||     3
  Use: Scroll            |     1 |     3 |     7 |       ||    11
       Potion            |     1 |       |     6 |       ||     7
 Stab: Sleeping          |       |     1 |       |       ||     1
       Petrifying        |       |       |     3 |       ||     3
       Paralysed         |       |       |     1 |       ||     1
       Held in net/web   |       |       |       |     3 ||     3
Armor: Leather armour    |    27 |    15 |     7 |       ||    49
       Chain mail        |       |       |    31 |       ||    31
       Plate armour      |       |       |   117 |       ||   117
Dodge: Dodged            |    59 |    49 |    78 |       ||   186
Block: Other             |    18 |    32 |    80 |     1 ||   131
       Reflection        |       |     3 |     1 |       ||     4

Levels and vault maps discovered:
D:1:      erik_arrival_orb_chamber, layout_basic, ebering_ecumenical_altar_rust
D:2:      layout_loops_corners, uniq_robin, uniq_jessica
D:3:      layout_basic, minivault_27, minmay_rat_hole, uniq_crazy_yiuf_cottage,
          uniq_sigmund
D:4:      layout_loops_cross, nicolae_shop_sticking_my_neck_out
D:5:      cheibrodos_thug_alley, layout_rooms, serial_curves, eino_curves_03,
          eino_curves_02, uniq_blork_the_orc, uniq_ijyb
D:6:      layout_rooms, minmay_temple_entry_tees, hangedman_decor_lopped
D:7:      layout_basic
D:8:      layout_basic, uniq_maurice
D:9:      layout_cave_pools, lair_entry_dummy, uniq_harold
Temple:   lightli_temple_of_artemis
